 Dungeon Crawl Stone Soup version 0.19-b1-5-gdc9fa9d (webtiles) character file.

142 Franakus the Conjurer (level 5, -2/25 HPs)
             Began as a Deep Elf Conjurer on Oct 31, 2016.
             Slain by a hound (5 damage)
             ... on level 4 of the Dungeon.
             The game lasted 00:21:25 (1798 turns).

Franakus the Conjurer (Deep Elf Conjurer)           Turns: 1798, Time: 00:21:25

Health: -2/25      AC:  4    Str:  5    XL:     5   Next: 3%
Magic:  3/13       EV: 13    Int: 21    God:
Gold:   105        SH:  0    Dex: 15    Spells: 3 memorised, 5 levels left

rFire  + . .     SeeInvis .     i - staff of fire
rCold  . . .     Gourm    +     a - +2 robe
rNeg   . . .     Faith    .     (no shield)
rPois  .         Spirit   .     (helmet restricted)
rElec  .         Reflect  .     (no cloak)
rCorr  .         Harm     .     (no gloves)
MR     .....                    (no boots)
Stlth  ++........               n - amulet of the gourmand
                                (no ring)
                                (no ring)

@: very slightly contaminated
A: antennae 1, frail 1
a: no special abilities


You were on level 4 of the Dungeon.
You were not hungry.

You visited 1 branch of the dungeon, and saw 5 of its levels.

You collected 105 gold pieces.

Inventory:

Hand Weapons
 g - a +0 dagger
 x - a -3 great sword
Missiles
 e - 69 stones (quivered)
Armour
 a - a +2 robe (worn)
 d - a +2 helmet
Magical Staves
 i - an uncursed staff of fire (weapon)
Jewellery
 n - an amulet of the gourmand (around neck)
Scrolls
 f - 3 scrolls of identify
 h - 2 scrolls of remove curse
 m - a scroll of random uselessness
 p - a scroll of amnesia
 r - a scroll of magic mapping {unknown}
 s - a scroll of fog {unknown}
 u - a scroll of enchant armour
Potions
 q - a potion of brilliance
 t - a potion of invisibility
Books
 b - a book of Conjurations

   Spells                             Type                      Level
   a - Magic Dart                     Conjuration                  1
   b - Searing Ray                    Conjuration                  2
   c - Dazzling Spray                 Conjuration/Hexes            3
   d - Fulminant Prism                Conjuration/Hexes            4
   e - Iskenderun's Mystic Blast      Conjuration                  4
   f - Iskenderun's Battlesphere      Conjuration/Charms           5
Comestibles
 c - 4 bread rations
 l - 4 meat rations
 v - a royal jelly


   Skills:
 + Level 0.2 Fighting
 + Level 2.8 Dodging
 + Level 2.8 Stealth
 + Level 4.2 Spellcasting
 + Level 6.2 Conjurations


You had 5 spell levels left.
You knew the following spells:

 Your Spells              Type           Power        Failure   Level  Hunger
a - Magic Dart            Conj           ####         1%          1    None
b - Searing Ray           Conj           ####..       1%          2    #......
c - Iskenderun's Mystic   Conj           ####....     12%         4    ####...


Dungeon Overview and Level Annotations

Branches:
Dungeon (5/15)
 Temple: D:4-7

Altars:
Ashenzari
Trog

Shops:
D:4 :


Innate Abilities, Weirdness & Mutations

You have a pair of small antennae on your head.
You are frail. (-10% HP)


Message History

You hear the slow hiss of a distant avalanche of sand.
The orc closely misses you.
The orc priest calls down the wrath of Beogh upon you.
You struggle to resist.
There is a stone staircase leading down here.
The orc misses you.
Found a brass wand.
You flicker for a moment.
A hound comes into view.
The hound barks!
You flicker back into view.
Casting: Iskenderun's Mystic Blast
Confirm with . or Enter, or press ? or * to list all spells.
Aiming: Searing Ray
Press: ? - help, Shift-Dir - straight line, f - hound
Aim: a hound The searing ray hits the hound.
The hound is moderately wounded.
The searing ray misses the hound.
The hound bites you.
You die...

.. . # ## .... ..
..#.. #.#. #.#.
#....## ... #....
....... #.###.....#
#.....###..#......./
#.@h............#.
#......#..........#
#####..........o.#.
#...#......#.o..
#.#.......o..##.
###.#..........##.
...................
###.....#...†.#.##o
........#....##.##.


You could see a hound.

Vanquished Creatures
  An orc wizard (D:3)
  4 adders
  A worm (D:2)
  3 dart slugs
  3 leopard geckos
  3 orcs (D:3)
  A ball python (D:1)
  4 bats
  4 giant cockroaches
  6 goblins
  6 hobgoblins
  10 jackals
  3 frilled lizards
  3 kobolds
  6 rats
58 creatures vanquished.

Notes
Turn   | Place    | Note
-------+----------+-------------------------------------------
     0 | D:1      | Franakus the Deep Elf Conjurer began the quest for the Orb.
     0 | D:1      | Reached XP level 1. HP: 10/10 MP: 6/6
   204 | D:1      | Found a shattered altar of Ashenzari.
   225 | D:1      | Reached XP level 2. HP: 15/15 MP: 5/8
   229 | D:1      | Learned a level 2 spell: Searing Ray
   255 | D:1      | Reached skill level 5 in Conjurations
   682 | D:2      | Found a bloodstained altar of Trog.
   730 | D:2      | Reached XP level 3. HP: 19/19 MP: 6/10
  1052 | D:2      | Reached XP level 4. HP: 9/24 MP: 5/11
  1417 | D:3      | Reached skill level 6 in Conjurations
  1547 | D:3      | Reached XP level 5. HP: 28/28 MP: 7/13
  1618 | D:3      | You fall through a shaft!
  1618 | D:4      | Found Soushrass's Book Boutique.
  1652 | D:4      | Learned a level 4 spell: Iskenderun's Mystic Blast
  1676 | D:5      | Entered Level 5 of the Dungeon
  1689 | D:5      | Gained mutation: You have a pair of small antennae on your head. [potion of mutation]
  1689 | D:5      | Gained mutation: You are frail. (-10% HP) [potion of mutation]
  1767 | D:5      | HP: 1/25 [orc wizard/dagger (5)]
  1798 | D:4      | Slain by a hound

Skill      XL: |  1  2  3  4 |
---------------+-------------+-----
Conjurations   | 5 6 |  6.2
Spellcasting   | 4 |  4.2
Fighting       | |  0.2
Dodging        | |  2.8
Stealth        | |  2.8

Action                   |  1- 3 |  4- 6 || total
-------------------------+-------+-------++-------
Melee: Dagger            |    15 |       ||    15
       Staff             |       |    13 ||    13
Throw: Stone             |     4 |     3 ||     7
 Cast: Magic Dart        |    50 |    26 ||    76
       Searing Ray       |     5 |     8 ||    13
       Iskenderun's Myst |       |     3 ||     3
  Use: Scroll            |       |     6 ||     6
       Potion            |       |     8 ||     8
  Eat: Chunk             |       |    12 ||    12
Armor: Robe              |     8 |     9 ||    17
       Skin              |       |    70 ||    70
Dodge: Dodged            |    15 |    26 ||    41
